 Dungeon Crawl Stone Soup version 0.28-a0-941-g140ffa10cf (webtiles) character file.

Game seed: 1441566568572777216

61 night the Firebug (level 4, -2/26 HPs)
             Began as a Gargoyle Fire Elementalist on Nov 29, 2021.
             Killed by divine providence
             ... invoked by an orc priest
              (13 damage)
             ... on level 3 of the Dungeon.
             The game lasted 00:04:30 (2410 turns).

night the Firebug (Gargoyle Fire Elementalist)      Turns: 2410, Time: 00:04:30

Health: -2/26      AC:  6    Str: 11    XL:     4   Next: 7%
Magic:  2/7        EV: 11    Int: 17    God:
Gold:   70         SH:  0    Dex: 10    Spells: 5/8 levels left

rFire   . . .      SeeInvis .   h - +1 whip
rCold   . . .      Faith    .   (no shield)
rNeg    + . .      Spirit   .   a - +0 robe
rPois   ∞          Reflect  .   (no helmet)
rElec   +          Harm     .   m - +0 cloak
rCorr   .          Rampage  .   (no gloves)
Will    .....                   (no boots)
Stlth   ++........              (no amulet)
HPRegen 0.08/turn               l - ring of wizardry
MPRegen 0.10/turn               (no ring)

@: no status effects
A: sickness immunity, AC +3, negative energy resistance 1, electricity
resistance, torment resistance 1, petrification resistance
a: no special abilities


You were on level 3 of the Dungeon.
You visited 1 branch of the dungeon, and saw 3 of its levels.

You collected 70 gold pieces.

Inventory:

Hand Weapons
 h - a +1 whip (weapon)
Missiles
 e - 4 javelins
 f - 19 sling bullets
 g - 13 arrows
 i - 13 bolts
 k - 37 stones
Armour
 a - a +0 robe (worn)
 m - a +0 cloak (worn)
Jewellery
 l - a ring of wizardry (left hand)
Potions
 b - a potion of lignification {unknown}
 d - 2 potions of curing
 n - 3 potions of mutation {unknown}


   Skills:
 + Level 1.7 Fighting
 - Level 1.5 Dodging
 - Level 2.1 Stealth
 + Level 2.6 Spellcasting
 + Level 2.1 Conjurations
 + Level 3.5 Fire Magic


You had 5 spell levels left.
You knew the following spells:

 Your Spells              Type           Power      Damage    Failure   Level
a - Foxfire               Conj/Fire      44%        2x1d6     2%          1
b - Scorch                Fire           28%        2d6       2%          2

Your spell library contained the following spells:

 Spells                   Type           Power      Damage    Failure   Level
 Conjure Flame            Conj/Fire      11%        6-21      7%          3
 Summon Small Mammal      Summ           8%         N/A       8%          1
 Inner Flame              Hex/Fire       8%         N/A       11%         3
 Call Canine Familiar     Summ           2%         N/A       22%         3
 Summon Guardian Golem    Hex/Summ       2%         N/A       22%         3
 Flame Wave               Conj/Fire      11%        2d5       22%         4


Dungeon Overview and Level Annotations

Branches:
Dungeon (3/15)

Altars:

Shops:
D:3 =


Innate Abilities, Weirdness & Mutations

You are immune to sickness and miasma.
Your stone body is resilient. (AC +3)
You are immune to poison.
You resist negative energy. (rN+)
You are resistant to electric shocks. (rElec)
You are resistant to unholy torment.
You are immune to petrification.


Message History

The orc priest calls down the wrath of Beogh upon you.
You barely resist.
Unknown command.
You hit the orc priest.
The orc priest is lightly wounded.
The foxfire hits the orc priest.
The orc priest is moderately wounded.
The foxfire hits the orc priest but does no damage.
The orc priest is moderately wounded.
The rat bites you but does no damage.
The orc priest hits you with a +1 war axe of draining.
The rat completely misses you.
Casting: Foxfire (safe; 2% risk of failure)
Confirm with . or Enter, or press ? or * to list all spells.
You conjure some foxfire!
The orc priest invokes the aid of Beogh against you.
Beogh smites you! The rat bites you but does no damage.
Unknown command.
You hit the rat.
You kill the rat!
The foxfire hits the orc priest but does no damage.
The orc priest is moderately wounded.
The foxfire hits the orc priest but does no damage.
The orc priest is moderately wounded.
The orc priest barely misses you.
You see here a rat corpse.
Casting: Foxfire (safe; 2% risk of failure)
Confirm with . or Enter, or press ? or * to list all spells.
You don't have enough magic to cast this spell.
You aren't carrying any items that you can evoke.
The orc priest invokes the aid of Beogh against you.
Pain shoots through your body! The orc wizard casts a spell at you.
The puff of flame misses you.
Your magical contamination has completely faded away.
You hear the quick rusting of a very distant drain.
The orc priest mumbles some strange prayers to Beogh against you.
Beogh smites you!
Ouch! That really hurt!
You die...

......#
........o....#..
......#
#####.#.###.)# #
......#
#.#...oo.#
......#
#.###.o..#
......# #.#
#....# ......#
#.###....#
......# #
#........#
.)....#
#.#........#
......#
#...@..........
...[..#
###.<#.........
......##
#############
#####..+ #.##
#.# #.# ##.##
#...#


You could see an orc priest and an orc.

Vanquished Creatures
  An adder (D:2)
  2 dart slugs (D:1)
  2 orcs (D:3)
  5 ball pythons
  2 endoplasms
  A giant cockroach (D:1)
  2 goblins
  6 hobgoblins
  2 kobolds
  2 quokkas (D:1)
  8 bats
  7 frilled lizards
  6 rats
46 creatures vanquished.

Vanquished Creatures (others)
  116 foxfires
116 creatures vanquished.

Grand Total: 162 creatures vanquished

Notes
Turn   | Place    | Note
-------+----------+-------------------------------------------
     0 | D:1      | night the Gargoyle Fire Elementalist began the quest for
                  | the Orb.
     0 | D:1      | Reached XP level 1. HP: 10/10 MP: 3/3
   404 | D:1      | Reached XP level 2. HP: 14/16 MP: 1/5
   775 | D:1      | Reached skill level 1 in Fighting
   991 | D:1      | Reached XP level 3. HP: 20/20 MP: 3/6
  1100 | D:1      | Learned a level 2 spell: Scorch
  1607 | D:2      | Found a faded altar of an unknown god.
  1858 | D:2      | Reached skill level 2 in Conjurations
  2254 | D:3      | Found Lerudgho's Jewellery Shoppe.
  2273 | D:3      | Reached XP level 4. HP: 26/26 MP: 2/7
  2410 | D:3      | Killed from afar by an orc priest

Illustrated notes

Levels and vault maps discovered:
D:1:      matt_arrival_los_fun, layout_rooms, roderic_serpentine_path
D:2:      layout_rooms, shapermc_ecumenical_altar_mp_urbaneastern
D:3:      layout_basic, biasface_ghost_orc_armoury, serial_shops,
          nicolae_shop_stone, lightli_sewer_entry_pipes, minivault_5,
          minmay_bisected

Skill      XL: |  1  2  3 |
---------------+----------+-----
Fighting       | 1 |  1.7
Conjurations   | 2 |  2.1
Dodging        | |  1.5
Stealth        | |  2.1
Spellcasting   | |  2.6
Fire Magic     | |  3.5

Action                   |  1- 3 |  4- 6 || total
-------------------------+-------+-------++-------
Melee: Unarmed           |     3 |       ||     3
       Whip              |     1 |     2 ||     3
 Cast: Foxfire           |    66 |     5 ||    71
       Scorch            |     6 |     1 ||     7
  Use: Scroll            |     4 |       ||     4
Armor: Robe              |    20 |     6 ||    26
Dodge: Dodged            |    24 |     5 ||    29

Table legend: (Time is in decaauts)
 A = Elapsed time spent in this place.
 B = Non-inter-level travel time spent in this place.
 C = Inter-level travel time spent in this place.
 D = Time resting spent in this place.
 E = Time spent auto-exploring this place.
 F = Levels seen in this place.
 G = Mean time per level.
                   A        B        C        D        E       F      G
               +--------+--------+--------+--------+--------+-----+--------+
         Total |   2409 |   2358 |     51 |    493 |   1520 |   3 |  803.0 |
       Dungeon |   2409 |   2358 |     51 |    493 |   1520 |   3 |  803.0 |
               +--------+--------+--------+--------+--------+-----+--------+

Top non-repeatable levels by time:
     D:1: 1424 daAuts
     D:2: 801 daAuts
     D:3: 183 daAuts
